 Dungeon Crawl Stone Soup version 0.30-a0-347-gf58ed5266c (webtiles) character file.

Game seed: 13190431468736277844

776 greasedhog the Slasher (level 7, 0/56 HPs)
             Began as a Merfolk Fighter on Nov 7, 2022.
             Slain by Blork the orc
             ... wielding a +0 mace
              (5 damage)
             ... on level 5 of the Dungeon.
             The game lasted 00:05:26 (3830 turns).

greasedhog the Slasher (Merfolk Fighter)            Turns: 3830, Time: 00:05:26

Health: 0/56       AC:  7    Str: 17    XL:     7   Next: 84%
Magic:  7/7        EV: 11    Int:  7    God:
Gold:   434        SH:  5    Dex: 15    Spells: 6/6 levels left

rFire   . . .      SeeInvis .    a - +0 long sword
rCold   . . .      Faith    .    c - +0 buckler
rNeg    . . .      Spirit   .    b - +0 scale mail
rPois   .          Reflect  .    s - +0 helmet
rElec   .          Harm     .    (no cloak)
rCorr   .          Rampage  .    (no gloves)
Will    .....                    (no boots)
Stlth   ..........               (no amulet)
HPRegen 0.29/turn                (no ring)
MPRegen 0.10/turn                (no ring)

@: mighty
A: (nimble swimmer 2), mertail
a: no special abilities


You were on level 5 of the Dungeon.
You visited 1 branch of the dungeon, and saw 5 of its levels.
You also visited: Ossuary.

You collected 434 gold pieces.

Inventory:

Hand Weapons
 a - a +0 long sword (weapon)
Missiles
 g - 3 poisoned darts (quivered)
Armour
 b - a +0 scale mail (worn)
 c - a +0 buckler (worn)
 s - a +0 helmet (worn)
Wands
 d - a wand of flame (22)
Scrolls
 h - 5 scrolls of amnesia
 j - 5 scrolls of teleportation
 k - 2 scrolls of fear {unknown}
 m - a scroll of fog {unknown}
 o - 3 scrolls of enchant weapon
 r - a scroll of silence {unknown}
 t - a scroll of brand weapon {unknown}
 v - a scroll of summoning {unknown}
 w - 2 scrolls of enchant armour {unknown}
 x - a scroll of acquirement {unknown}
Potions
 e - a potion of brilliance {unknown}
 f - 6 potions of curing {unknown}
 i - 4 potions of heal wounds {unknown}
 l - a potion of mutation {unknown}
 n - a potion of magic {unknown}
 p - a potion of might
 q - a potion of degeneration {unknown}
 u - a potion of resistance {unknown}
 z - a potion of flight {unknown}
 A - 3 potions of cancellation {unknown}
 B - a potion of ambrosia {unknown}


   Skills:
 - Level 5.1 Fighting
 * Level 5.8 Long Blades
 * Level 3.0 Armour
 * Level 5.7 Dodging
 + Level 4.3 Shields


You had 6 spell levels left.
You didn't know any spells.
Your spell library contained the following spells:

 Spells                   Type           Power      Damage    Failure   Level
 Kiss of Death            Conj/Necr      0%         2d5       90%         1
 Ensorcelled Hibernation  Hex/Ice        0%         N/A       97%         2
 Confusing Touch          Hex            0%         N/A       99%         3
 Spider Form              Tmut/Pois      0%         N/A       99%         3
 Anguish                  Hex/Necr       0%         N/A       100%        4
 Dispel Undead            Necr           0%         3d6       100%        4


Dungeon Overview and Level Annotations

Branches:
Dungeon (5/15)            Ossuary (visited)
 Temple: D:4-7

Altars:
Ashenzari
Fedhas
Nemelex Xobeh
Qazlal
Trog
Vehumet
Xom

Annotations:
D:5 Blork the orc


Innate Abilities, Weirdness & Mutations

((You are very nimble when in or above water. (Stealth+, EV+, Speed+++)))
Your lower body shifts to a powerful aquatic tail in water.


Message History

Blork the orc barely misses you. Blork the orc completely misses you.
You hit Blork the orc but do no damage. Blork the orc hits you with a +0 mace.
Blork the orc closely misses you.
You hit Blork the orc.
Blork the orc is lightly wounded.
Blork the orc gestures at you while chanting.
The puff of flame hits you.
You barely miss Blork the orc.
Blork the orc is lightly wounded.
You block Blork the orc's attack. Blork the orc misses you.
You hit Blork the orc but do no damage.
Blork the orc is lightly wounded.
Blork the orc hits you with a +0 mace. x2
You barely miss Blork the orc.
Blork the orc is lightly wounded.
Blork the orc points at you and mumbles some strange words.
The magic dart hits you. You block Blork the orc's attack.
You feel very mighty all of a sudden. Blork the orc barely misses you.
You barely miss Blork the orc.
Blork the orc is lightly wounded.
Blork the orc gestures at you while chanting.
The puff of frost hits you!
* * * LOW HITPOINT WARNING * * *
Blork the orc hits you with a +0 mace!
* * * LOW HITPOINT WARNING * * *
You hit Blork the orc.
Blork the orc is lightly wounded.
You block Blork the orc's attack. Blork the orc hits you with a +0 mace.
* * * LOW HITPOINT WARNING * * *
Unknown command.
You slash Blork the orc!
Blork the orc is heavily wounded.
You block Blork the orc's attack.
You slash Blork the orc!
Blork the orc is severely wounded.
Blork the orc barely misses you.
Blork the orc grunts repeatedly, in orcish tradition.
Blork the orc hits you with a +0 mace.
You die...

#...........##.#
#...........##.#
#...........##.#
+...........##.#
#...........##.#########
#...........##.........#
#..##+# #.#######.#
##o##.# #.#.....#.#
#.@#.# #.#.....#.#
##...####.#.#.#.#.#
###......#.#.#.#.#
#....#.###.###.#
#.#............#
###+##..#..#.#####
#.........)..#
#......>....##
#.>.........#


You could see Blork the orc (fast).

Vanquished Creatures
  Sigmund (D:2)
  A phantom (D:4)
  2 scorpions
  3 hounds
  An iguana (D:5)
  Jessica (D:3)
  8 mummies (Ossuary)
  7 adders
  A shadow imp (D:4)
  An ufetubus (D:5)
  2 dart slugs
  6 orcs
  8 bats
  5 endoplasms
  5 giant cockroaches
  5 goblins
  8 hobgoblins
  4 jackals (D:2)
  5 quokkas
  9 ball pythons
  5 frilled lizards
  2 gnoll zombies (Ossuary)
  A goblin zombie (D:5)
  3 hobgoblin zombies (Ossuary)
  6 kobolds
  A kobold zombie (Ossuary)
  2 orc zombies (Ossuary)
  A quokka zombie (D:5)
  4 rats
108 creatures vanquished.

Vanquished Creatures (others)
  A demonic plant (D:4)
  3 plants (D:3)
4 creatures vanquished.

Grand Total: 112 creatures vanquished

Notes
Turn   | Place    | Note
-------+----------+-------------------------------------------
     0 | D:1      | greasedhog the Merfolk Fighter began the quest for the Orb.
     0 | D:1      | Reached XP level 1. HP: 18/18 MP: 1/1
   188 | D:1      | Reached skill level 1 in Dodging
   188 | D:1      | Reached XP level 2. HP: 15/24 MP: 2/2
   452 | D:1      | Found a faded altar of an unknown god.
   766 | D:1      | Reached XP level 3. HP: 29/29 MP: 3/3
   828 | D:2      | Noticed Sigmund
   933 | D:2      | Found a shimmering altar of Xom.
  1261 | D:2      | Reached XP level 4. HP: 36/37 MP: 4/4
  1288 | D:2      | Killed Sigmund
  1289 | D:2      | Reached XP level 5. HP: 33/43 MP: 5/5
  1434 | D:2      | Reached XP level 6. HP: 34/49 MP: 6/6
  1781 | D:3      | Noticed Jessica
  1797 | D:3      | Killed Jessica
  1853 | D:3      | Reached skill level 5 in Fighting
  2249 | D:4      | Reached skill level 5 in Long Blades
  2249 | D:4      | Reached XP level 7. HP: 56/56 MP: 7/7
  2338 | D:4      | Reached skill level 5 in Dodging
  2426 | D:4      | Found a sparkling altar of Nemelex Xobeh.
  2751 | D:4      | Found a radiant altar of Vehumet.
  2751 | D:4      | Found a stormy altar of Qazlal.
  2757 | D:4      | Found a bloodstained altar of Trog.
  2759 | D:4      | Found a broken altar of Ashenzari.
  2761 | D:4      | Found a blossoming altar of Fedhas.
  2881 | D:5      | Entered Level 5 of the Dungeon
  3080 | D:5      | Found a sand-covered staircase.
  3163 | Ossuary  | Entered an ossuary
  3800 | D:5      | Noticed Blork the orc
  3830 | D:5      | Slain by Blork the orc

Illustrated notes

Levels and vault maps discovered:
D:1:      psy_arrival_terrarium, layout_basic,
          hellmonk_ecumenical_altar_inner_sanctum
D:2:      layout_rooms, basic_altar, uniq_sigmund
D:3:      layout_rooms, st_stairs_8, minmay_misc_feat_five,
          serial_bayou_lagoon_a, uniq_jessica
D:4:      layout_cave_pools, chequers_temple_overflow_minitemple,
          mainiacjoe_overflow_chevrons, serial_demonic, serial_demonic_e,
          serial_demonic_e, serial_demonic_e, serial_demonic_g,
          dk_noncrumbling_2
D:5:      layout_basic, enter_ossuary_4, uniq_prince_ribbit1, uniq_blork_the_orc

Skill      XL: |  1  2  3  4  5  6  7 |
---------------+----------------------+-----
Dodging        | 1 2 3 4 5 |  5.7
Long Blades    | 3 4 5 |  5.8
Fighting       | 4 5 |  5.1
Shields        | 4 |  4.3
Armour         | 3 |  3.0

Action                   |  1- 3 |  4- 6 |  7- 9 || total
-------------------------+-------+-------+-------++-------
Melee: Long sword        |   117 |   116 |   190 ||   423
  Use: Scroll            |     2 |       |     1 ||     3
       Potion            |       |     1 |     1 ||     2
Armor: Scale mail        |    86 |    53 |    46 ||   185
Dodge: Dodged            |    85 |    65 |    99 ||   249
Block: Buckler           |    36 |    32 |    44 ||   112

Table legend: (Time is in decaauts)
 A = Elapsed time spent in this place.
 B = Non-inter-level travel time spent in this place.
 C = Inter-level travel time spent in this place.
 D = Time resting spent in this place.
 E = Time spent auto-exploring this place.
 F = Levels seen in this place.
 G = Mean time per level.
                   A        B        C        D        E       F      G
               +--------+--------+--------+--------+--------+-----+--------+
         Total |   3916 |   3795 |    121 |    665 |   2152 |   6 |  652.7 |
       Dungeon |   3294 |   3173 |    121 |    324 |   2049 |   5 |  658.8 |
       Ossuary |    622 |    622 |      0 |    341 |    103 |   1 |  622.0 |
               +--------+--------+--------+--------+--------+-----+--------+

Top non-repeatable levels by time:
     D:1: 1117 daAuts
     D:4: 752 daAuts
 Ossuary: 622 daAuts
     D:2: 554 daAuts
     D:3: 520 daAuts
     D:5: 349 daAuts
